 Dungeon Crawl Stone Soup version 0.26.0-8-g74fc34ddfb (webtiles) character file.

Game seed: 4333290976149108261

396413 hatsuma the Halfling Catapult (level 24, -9/171 (175) HPs)
             Began as a Halfling Hunter on Jan 9, 2021.
             Was the Champion of Trog.
             Mangled by a deep troll (27 damage)
             ... summoned by a glowing orange brain
             ... on level 1 of the Depths on Jan 12, 2021.
             The game lasted 10:12:00 (54568 turns).

hatsuma the Halfling Catapult (Halfling Hunter)    Turns: 54568, Time: 10:12:01

HP:   -9/171 (175)  AC: 32    Str: 16    XL:     24   Next: 31%
MP:   23/23         EV: 39    Int: 12    God:    Trog [******]
Gold: 2779          SH:  0    Dex: 23    Spells: 23/23 levels left

rFire    . . .     SeeInvis .   b - +8 quick blade (vamp)
rCold    + . .     Faith    .   u - +3 buckler {rPois}
rNeg     . . .     Spirit   .   P - +5 scale mail of the Well-Known People {rElec rC+ Will+}
rPois    +         Reflect  .   C - +2 helmet {Int+3}
rElec    +         Harm     .   d - scarf {shadows}
rCorr    .         Rampage  +   B - +3 pair of gauntlets of War {Slay+5}
Will     ++++.                  n - +2 pair of boots {rampage}
Stlth    +.........             G - amulet of the acrobat
HPRegen  1.38/turn              f - +4 ring of protection
MPRegen  0.18/turn              g - +4 ring of slaying

@: confused, acrobat, regenerating, lightly drained
A: small, mutation resistance 1
}: 2/15 runes: barnacled, gossamer
a: Renounce Religion, Berserk, Trog's Hand, Brothers in Arms


You were on level 1 of the Depths.
You worshipped Trog.
Trog was exalted by your worship.
You visited 8 branches of the dungeon, and saw 39 of its levels.
You also visited: Gauntlet and Ice Cave.

You collected 5979 gold pieces.
You spent 3200 gold pieces at shops.

Inventory:

Hand Weapons
 a - the +1 fustibalus of the King {speed, Dex+4}
   (You found it in an ice cave)

   Attacks with this weapon are significantly faster.
   It affects your dexterity (+4).
 b - a +8 vampiric quick blade (weapon)
 Q - a +6 antimagic quick blade
Missiles
 e - 1345 stones (quivered)
 y - 300 sling bullets
Armour
 d - a scarf of shadows (worn)
 n - a +2 pair of boots of rampaging (worn)
 o - a +2 cloak of cold resistance
 u - a +3 buckler of poison resistance (worn)
 B - the +3 pair of gauntlets of War (worn) {Slay+5}
   (You bought it in a shop on level 2 of the Orcish Mines)

   It affects your accuracy and damage with ranged weapons and melee attacks
   (+5).
 C - a +2 helmet of intelligence (worn)
 P - the +5 scale mail of the Well-Known People (worn) {rElec rC+ Will+}
   (You bought it in a shop on level 13 of the Dungeon)

   It protects you from cold.
   It insulates you from electricity.
   It affects your willpower, your defense against some magical effects.
Jewellery
 f - a +4 ring of protection (left hand)
 g - a +4 ring of slaying (right hand)
 G - an amulet of the acrobat (around neck)
 M - the ring of Knowledge {*Drain rN+ rCorr Dex+4}
   (You took it off a deep elf demonologist on level 3 of the Elven Halls)

   [ring of resist corrosion]

   It affects your dexterity (+4).
   It protects you from negative energy.
   It provides partial protection from all sources of acid and corrosion.
   It causes draining when unequipped.
 N - the ring of Irhuf {rElec rN+}
   (You found it in a Gauntlet)

   [ring of positive energy]

   It insulates you from electricity.
   It protects you from negative energy.
 Y - an uncursed ring of protection from fire
Wands
 w - a wand of paralysis (49)
 D - a wand of iceblast (7)
 E - a wand of acid (9)
 F - a wand of digging (15)
 K - a wand of enslavement (35)
 R - a wand of polymorph (25)
 Z - a wand of disintegration (30)
Scrolls
 i - 12 scrolls of teleportation
 j - 6 scrolls of blinking
 l - 8 scrolls of fear
 m - 30 scrolls of remove curse
 q - 11 scrolls of fog
 z - a scroll of summoning
 A - 7 scrolls of immolation
 I - 5 scrolls of magic mapping
 T - a scroll of silence
 U - 8 scrolls of identify
 X - 3 scrolls of enchant armour
Potions
 c - 4 potions of resistance
 h - 6 potions of invisibility
 k - 7 potions of haste
 p - 4 potions of might
 s - a potion of cancellation
 t - 11 potions of ambrosia
 v - 14 potions of curing
 H - 7 potions of lignification
 J - 5 potions of magic
 L - 8 potions of flight
Miscellaneous
 r - a phantom mirror
 O - a condenser vane
 S - a lightning rod (4/4)
 V - a lightning rod (4/4)
 W - a tin of tremorstones (2/2)


   Skills:
 - Level 17.0 Fighting
 - Level 14.4 Short Blades
 O Level 27 Slings
 - Level 17.7 Armour
 - Level 13.5 Dodging
 - Level 15.7 Stealth
 - Level 13.2 Shields
 + Level 8.0 Evocations


You had 23 spell levels left.
You didn't know any spells.
Your spell library was empty.

Dungeon Overview and Level Annotations

Branches:
Dungeon (15/15)            Temple (0/1) D:4            Lair (6/6) D:10
 Shoals (4/4) Lair:4       Spider (4/4) Lair:4        Slime (0/5) Lair:6
    Orc (2/2) D:11            Elf (3/3) Orc:2        Vaults (4/5) D:14
  Crypt (0/3) Vaults:2     Depths (1/5) D:15          IceCv (visited)
Gauntlet (visited)

Altars:
Ashenzari
Dithmenos
Fedhas
Gozag
Kikubaaqudgha
Nemelex Xobeh
Sif Muna
Trog
Uskayaw
Vehumet
Yredelemnul
Zin
The Shining One

Shops:
D:6 (   D:7 *   D:13 [   Orc:1 [   Orc:2 }(:[   Elf:2 [   Shoals:4 *
Vaults:1 }   Vaults:3 =   Vaults:4 *

Portals:
Hell: Depths:1

Annotations:
D:9 monster zoo
Shoals:3 2 transporters, Wecaes's ghost, journeyman HOFE
Shoals:4 3 runed translucent doors, krigyl's ghost, adept TeAK
Spider:1 2 transporters, Nuqinleag's ghost, adept GrEE


Innate Abilities, Weirdness & Mutations

You are small and have problems with some larger weapons.
You are somewhat resistant to further mutation.


Message History

The frost giant freezes you.
* * * LOW HITPOINT WARNING * * *
The deep troll completely misses you. You block the deep troll's attack.
The deep troll completely misses you. You block the deep troll's attack. x2
The deep troll misses you.
You are confused.
You feel invigorated. The deep troll completely misses you.
The deep troll claws you!!
* * * LOW HITPOINT WARNING * * *
The deep troll completely misses you.
The frost giant hits you but does no damage.
The deep troll bites you but does no damage.
The deep troll claws you.
* * * LOW HITPOINT WARNING * * *
The deep troll misses you.
You are too confused!
A two-headed ogre comes into view.
It is wielding a +0 giant spiked club and a +0 giant club.
The two-headed ogre shouts in stereo!
The deep troll bites you!!
You die...

.....## ##....................
##..## ##..................# ##.#
#........#####....## #.# .
#.......##...##...#. #.# :O
#...TD..#.....#...#. #.#
$$###G##..#.[)..#..('. ##.##
#.#.D.##T#.[.).#...#. ##...##
###..TTT#)##.(.##.).#.
......######.+..@C.').##'##....##
.............#.....#[...........#
...###+###...##...##...###+###...
..## ##...##+##...## ##.. .##
##.?.......## ##. ## ##.......##
## ######.## # ###


You could see a frost giant (summoned), an ice dragon (summoned), a glowing
orange brain, a two-headed ogre, 3 deep trolls and a deep troll shaman
(summoned).

Vanquished Creatures
  Boris (Vaults:3)
  Jory (Vaults:3)
  A tentacled monstrosity (Vaults:4)
  Jorgrun (D:14)
  An Ice Fiend (IceCv)
  A lich (Depths:1)
  3 deep elf blademasters
  A quicksilver dragon (Depths:1)
  A deep elf master archer (Elf:3)
  Gastronok (Lair:3)
  2 sphinxes
  3 tengu reavers
  A shadow dragon (Depths:1)
  Donald (Orc:1)
  8 ghost moths
  Louise (Spider:4)
  5 frost giants
  A fire giant (Vaults:4)
  10 vault wardens
  A deep elf sorcerer (Elf:3)
  3 emperor scorpions (Spider:4)
  2 spriggan defenders (Depths:1)
  4 deep elf elementalists (Elf:3)
  10 ironheart preservers
  7 very ugly things
  9 stone giants
  4 deep elf demonologists (Elf:3)
  Nessos (Lair:5)
  9 entropy weavers
  Azrael (D:14)
  A spark wasp (Spider:4)
  5 deep elf annihilators
  3 merfolk javelineers (Shoals:4)
  7 deep elf death magi
  3 ettins
  Snorg (Lair:4)
  7 merfolk impalers (Shoals:4)
  A crystal guardian (Vaults:1)
  5 yaktaur captains
  A deep elf high priest (Elf:3)
  6 fire dragons
  A rakshasa (Depths:1)
  A great orb of eyes (Vaults:1)
  An ice dragon (Depths:1)
  2 boulder beetles
  12 hydras
  5 vault guards
  3 merfolk avatars
  Erica (D:8)
  12 ogre magi
  5 catoblepae
  10 centaur warriors
  17 two-headed ogres
  2 death knights
  A vampire mage (Depths:1)
  A satyr (Shoals:2)
  A queen ant (Spider:1)
  7 merfolk aquamancers
  10 death yaks
  2 deep troll shamans
  2 hell hogs (Depths:1)
  A tengu warrior (D:14)
  A titan zombie (Vaults:4)
  19 dancing weapons
  A shock serpent (shapeshifter) (Depths:1)
  5 deep troll earth magi
  6 orc high priests
  8 hell knights (Depths:1)
  Nergalle (Lair:3)
  14 deep elf knights
  A shadow wraith (Vaults:3)
  6 skeletal warriors
  A large abomination (Elf:3)
  15 deep trolls
  12 sea snakes
  3 glowing orange brains
  3 flayed ghosts
  9 wizards
  2 unseen horrors
  A kraken simulacrum (Shoals:4)
  16 deep elf archers
  11 ironbrand convokers
  15 harpies
  6 necromancers
  11 orc knights
  An orb spider (shapeshifter) (Vaults:1)
  13 fauns
  2 phantasmal warriors
  A human zombie (Vaults:4)
  A wolf spider zombie (D:13)
  15 orb spiders
  A shining eye (shapeshifter) (Depths:1)
  44 deep elf magi
  A fire giant zombie (Vaults:4)
  25 wolf spiders
  6 orc sorcerers
  A sphinx skeleton (Vaults:3)
  A salamander (shapeshifter) (Vaults:4)
  13 ugly things
  12 manticores
  Maurice (D:10)
  19 cyclopes
  A moth of wrath (Spider:4)
  11 merfolk sirens
  20 elephants
  A torpor snail (shapeshifter) (Gauntlet)
  Joseph (D:10)
  A human skeleton (Vaults:3)
  8 water nymphs
  13 vault sentinels
  9 cane toads
  4 black mambas
  2 torpor snails
  An ice statue (IceCv)
  6 gargoyles
  Maggie (D:9)
  5 rime drakes
  11 freezing wraiths
  7 komodo dragons
  33 yaktaurs
  An efreet (D:14)
  13 demonic crawlers
  2 kobold demonologists
  3 tengu conjurers (D:14)
  5 anaconda simulacra (IceCv)
  A golden dragon simulacrum (IceCv)
  4 ice devils (IceCv)
  9 hornets
  A jumping spider (shapeshifter) (Gauntlet)
  29 jumping spiders
  A yaktaur skeleton (Vaults:4)
  30 merfolk
  A tengu simulacrum (Vaults:3)
  9 trolls
  2 polar bears
  A queen bee (Lair:3)
  3 wind drakes
  13 dream sheep
  A hornet (shapeshifter) (Vaults:3)
  21 blink frogs
  36 slime creatures
  9 snapping turtles
  An ettin zombie (Vaults:4)
  A sphinx simulacrum (Vaults:3)
  2 air elementals
  4 shadows
  69 redbacks
  25 water elementals
  A wyvern (shapeshifter) (Gauntlet)
  4 wraiths
  54 yaks
  46 tarantellas
  2 dire elephant simulacra (IceCv)
  18 humans (D:14)
  8 wyverns
  5 fire elementals (D:14)
  2 death yak simulacra (IceCv)
  A steam dragon (D:12)
  8 vampire mosquitoes (D:15)
  6 wargs
  5 basilisks
  24 soldier ants
  6 acid dragons
  2 iron troll simulacra (IceCv)
  A harpy simulacrum (IceCv)
  20 water moccasins
  3 hydra simulacra (IceCv)
  10 hell hounds
  A floating eye (shapeshifter) (Depths:1)
  A black bear (shapeshifter) (Vaults:2)
  A sky beast (D:15)
  33 orc warriors
  6 ice beasts
  A hornet zombie (D:7)
  2 eyes of draining (shapeshifter) (Gauntlet)
  2 ettin simulacra
  17 wolves
  2 necrophages
  7 centaurs
  A black bear (Lair:3)
  2 boggarts
  40 ogres
  2 big kobolds
  A wyvern zombie (D:14)
  7 earth elementals
  21 bullfrogs
  2 water moccasin zombies (D:8)
  4 scorpions
  A wyvern skeleton (D:14)
  9 killer bees
  12 wights
  2 electric eels
  7 howler monkeys
  5 centaur zombies
  6 hounds (D:10)
  36 orc priests
  A bullfrog skeleton (D:11)
  6 draconian simulacra (IceCv)
  A gnoll shaman (Orc:2)
  4 jellies
  5 centaur skeletons
  6 iguanas
  33 worker ants
  39 orc wizards
  2 troll simulacra (IceCv)
  A polar bear simulacrum (IceCv)
  A spriggan simulacrum (IceCv)
  A wolf simulacrum (IceCv)
  2 centaur simulacra (IceCv)
  2 hound zombies
  A hound skeleton (D:11)
  4 gnolls (Orc:2)
  19 adders
  4 ogre simulacra (IceCv)
  A naga simulacrum (IceCv)
  2 shadow imps
  6 white imps
  9 ufetubi
  A worm (D:5)
  2 dart slugs
  3 leopard geckos
  92 orcs
  2 bats
  3 giant cockroaches
  6 goblins
  9 hobgoblins
  7 jackals
  25 kobolds
  7 quokkas
  A ball python (D:1)
  A ball python skeleton (D:4)
  5 frilled lizards
  A leopard gecko skeleton (D:7)
  11 rats
1771 creatures vanquished.

Vanquished Creatures (collateral kills)
  Bai Suzhen (Shoals:3)
  Arachne (Spider:4)
  A deep elf master archer (Elf:3)
  A deep elf demonologist (Elf:3)
  A merfolk impaler (Shoals:3)
  A deep elf high priest (Elf:3)
  A merfolk avatar (Shoals:3)
  3 dancing weapons (Elf:2)
  A death yak (Lair:6)
  2 deep elf knights
  2 small abominations (Elf:3)
  A sea snake (Shoals:3)
  2 wolf spiders (Spider:3)
  A deep elf mage (Elf:2)
  2 water nymphs (Shoals:3)
  A cane toad (Lair:3)
  A yaktaur (Vaults:3)
  2 jumping spiders
  A snapping turtle (Shoals:3)
  3 redbacks
  5 tarantellas
  A human (D:14)
  6 yaks (Lair:6)
  8 killer bees (Lair:3)
49 creatures vanquished.

Vanquished Creatures (others)
  A deep elf knight (Elf:2)
  2 white imps (IceCv)
  An ufetubus (IceCv)
  An orc (D:15)
  A demonic plant (Gauntlet)
  14 fungi
  47 plants
67 creatures vanquished.

Grand Total: 1887 creatures vanquished

Notes
Turn   | Place    | Note
-------+----------+-------------------------------------------
     0 | D:1      | hatsuma the Halfling Hunter began the quest for the Orb.
     0 | D:1      | Reached XP level 1. HP: 14/14 MP: 1/1
    59 | D:1      | Reached skill level 6 in Slings
    67 | D:1      | Reached XP level 2. HP: 19/19 MP: 2/2
   699 | D:1      | Reached skill level 7 in Slings
   699 | D:1      | Reached XP level 3. HP: 23/24 MP: 3/3
  1219 | D:2      | Found a faded altar of an unknown god.
  1247 | D:2      | Became a worshipper of Trog the Wrathful
  1247 | D:2      | Reached * piety under Trog
  1389 | D:2      | Reached XP level 4. HP: 29/29 MP: 4/4
  1523 | D:2      | Reached skill level 8 in Slings
  1625 | D:2      | Reached ** piety under Trog
  1932 | D:3      | Reached XP level 5. HP: 27/34 MP: 5/5
  2087 | D:3      | Found a glowing golden altar of the Shining One.
  2199 | D:3      | Reached skill level 9 in Slings
  2526 | D:3      | Noticed an ogre
  2861 | D:3      | Found a blossoming altar of Fedhas.
  2990 | D:3      | Reached XP level 6. HP: 39/39 MP: 6/6
  3093 | D:4      | Reached skill level 10 in Slings
  3202 | D:4      | Noticed an ogre
  3207 | D:4      | Killed an ogre
  3208 | D:4      | Reached XP level 7. HP: 44/44 MP: 7/7
  3640 | D:4      | Reached skill level 1 in Short Blades
  3775 | D:4      | Reached skill level 1 in Armour
  3986 | D:4      | Found a staircase to the Ecumenical Temple.
  4223 | D:5      | Entered Level 5 of the Dungeon
  4277 | D:5      | Reached skill level 1 in Evocations
  4281 | D:5      | Reached *** piety under Trog
  4750 | D:5      | Reached XP level 8. HP: 49/49 MP: 8/8
  4811 | D:5      | Found a radiant altar of Vehumet.
  4875 | D:5      | Found an ancient bone altar of Kikubaaqudgha.
  4882 | D:5      | Found a shimmering blue altar of Sif Muna.
  5296 | D:6      | Found Neerghimi's Antique Weapon Emporium.
  5307 | D:6      | Bought a bone short sword for 200 gold pieces
  5307 | D:6      | Identified the +2 short sword "Doagophi" {vamp, rPois rF+
                  | rC- Int+4} (You bought it in a shop on level 6 of the
                  | Dungeon)
  5657 | D:7      | Reached skill level 1 in Shields
  5669 | D:7      | Found Wiamaram's General Store.
  6062 | D:7      | Reached XP level 9. HP: 55/55 MP: 9/9
  6285 | D:7      | Found a sparkling altar of Nemelex Xobeh.
  6443 | D:7      | Found a shadowy altar of Dithmenos.
  6468 | D:7      | Reached skill level 11 in Slings
  6603 | D:7      | Reached skill level 5 in Stealth
  7021 | D:7      | Found a blossoming altar of Fedhas.
  7022 | D:7      | Found an opulent altar of Gozag.
  7270 | D:8      | Reached **** piety under Trog
  7367 | D:8      | Reached skill level 5 in Short Blades
  7367 | D:8      | Noticed a two-headed ogre
  7446 | D:8      | Killed a two-headed ogre
  7447 | D:8      | Reached XP level 10. HP: 61/61 MP: 10/10
  7638 | D:8      | Noticed Erica
  7644 | D:8      | Killed Erica
  7645 | D:8      | Reached skill level 5 in Fighting
  7823 | D:8      | Got a faintly humming scale mail
  7834 | D:8      | Identified the +0 scale mail of the Ecumenical Temple
                  | {*Slow Will+ Str+4} (You found it on level 8 of the
                  | Dungeon)
  8387 | D:8      | Found a glowing silver altar of Zin.
  8709 | D:8      | Reached skill level 12 in Slings
  9206 | D:9      | Noticed Maggie
  9221 | D:9      | Killed Maggie
  9222 | D:9      | Reached skill level 5 in Dodging
  9288 | D:9      | Noticed a two-headed ogre
  9411 | D:9      | Killed a two-headed ogre
  9412 | D:9      | Reached skill level 5 in Shields
  9417 | D:9      | Reached XP level 11. HP: 72/72 MP: 11/11
  9571 | D:9      | Found a hide-covered altar of Uskayaw.
  9686 | D:9      | Found a broken altar of Ashenzari.
  9750 | D:9      | Noticed a six-headed hydra
  9855 | D:9      | Reached skill level 5 in Armour
 10154 | D:9      | Killed a six-headed hydra
 10155 | D:9      | Reached skill level 13 in Slings
 10277 | D:9      | Noticed a manticore
 10321 | D:9      | Noticed a six-headed hydra
 10333 | D:9      | Killed a six-headed hydra
 10334 | D:9      | Reached skill level 14 in Slings
 10337 | D:9      | Noticed a cyclops
 10585 | D:9      | Killed a manticore
 10599 | D:9      | Killed a cyclops
 11105 | D:10     | Entered Level 10 of the Dungeon
 11123 | D:10     | Noticed Joseph
 11148 | D:10     | Killed Joseph
 11439 | D:10     | Reached ***** piety under Trog
 11578 | D:10     | Noticed Maurice
 11586 | D:10     | Killed Maurice
 11674 | D:10     | Identified the +11 trident of Mutilation {drain, rF+
                  | Stlth+}
 12244 | D:10     | Found a staircase to the Lair.
 12543 | D:11     | Reached skill level 15 in Slings
 12554 | D:11     | Found a gate leading to a gauntlet.
 12564 | Gauntlet | Entered a Gauntlet
 12564 | Gauntlet | Found a transporter.
 12565 | Gauntlet | Noticed a necromancer
 12567 | Gauntlet | Found a transporter.
 12569 | Gauntlet | Found a transporter.
 12572 | Gauntlet | Found a transporter.
 12572 | Gauntlet | Found a transporter.
 12608 | Gauntlet | Found a transporter.
 12608 | Gauntlet | Noticed a harpy
 12610 | Gauntlet | Found a transporter.
 12610 | Gauntlet | Found a transporter.
 12614 | Gauntlet | Noticed a great orb of eyes
 12619 | Gauntlet | Noticed a green ugly thing
 12624 | Gauntlet | Found a transporter.
 12637 | Gauntlet | Noticed a green death
 12640 | Gauntlet | Found a transporter.
 12650 | Gauntlet | Found a transporter.
 12654 | Gauntlet | Found a transporter.
 12667 | Gauntlet | Noticed an obsidian statue
 12696 | Gauntlet | Noticed a harpy
 12701 | Gauntlet | Found a transporter.
 12702 | Gauntlet | Found a runed translucent door.
 12705 | Gauntlet | Noticed a moth of wrath
 12716 | Gauntlet | Found a transporter.
 12791 | Gauntlet | Noticed a harpy
 12793 | Gauntlet | a harpy changed into a jumping spider
 12810 | Gauntlet | Reached XP level 12. HP: 77/77 MP: 1/12
 12864 | Gauntlet | Got a coiled wooden ring
 12890 | Gauntlet | Identified the ring of Irhuf {rElec rN+} (You found it in a
                  | Gauntlet)
 12911 | Gauntlet | Got a glittering copper amulet
 12914 | Gauntlet | Got a brightly glowing hunting sling
 12932 | Gauntlet | Noticed a minotaur
 12965 | D:11     | Identified the +5 hunting sling "Halfling's Foe" {freeze,
                  | Str+5 Dex-5} (You found it in a Gauntlet)
 13004 | D:11     | Identified the amulet of Vodka {rF+ rN+ Will- Regen+ SInv}
                  | (You found it in a Gauntlet)
 13043 | D:11     | Found a staircase to the Orcish Mines.
 13361 | D:11     | Noticed an unseen horror
 13366 | D:11     | Killed an unseen horror
 13462 | D:11     | Got a faintly humming robe
 13473 | D:11     | Identified the +1 robe of Inaction {+Blink} (You found it
                  | on level 11 of the Dungeon)
 13835 | D:11     | Reached skill level 16 in Slings
 14098 | Lair:1   | Entered Level 1 of the Lair of Beasts
 15976 | Lair:3   | Noticed an eight-headed hydra
 15985 | Lair:3   | Killed an eight-headed hydra
 16089 | Lair:3   | Received a gift from Trog
 16242 | Lair:3   | Noticed Nergalle
 16256 | Lair:3   | Killed Nergalle
 16257 | Lair:3   | Reached XP level 13. HP: 81/81 MP: 13/13
 16342 | Lair:3   | Reached skill level 17 in Slings
 16542 | Lair:3   | Noticed Gastronok
 16789 | Lair:3   | Reached skill level 10 in Short Blades
 16831 | Lair:3   | Killed Gastronok
 17449 | Lair:4   | Found a hole to the Spider Nest.
 17507 | Lair:4   | Noticed Snorg
 17631 | Lair:4   | Reached skill level 10 in Stealth
 17710 | Lair:4   | Noticed a four-headed hydra
 17716 | Lair:4   | Killed a four-headed hydra
 17895 | Lair:4   | Found the +8 whip "Snakebite" {curare, rPois}
 17978 | Lair:4   | Killed Snorg
 18164 | Lair:4   | Reached XP level 14. HP: 88/88 MP: 14/14
 18302 | Lair:4   | Found a staircase to the Shoals.
 18497 | Lair:4   | Reached ****** piety under Trog
 18769 | Lair:5   | Noticed Nessos
 18778 | Lair:5   | Killed Nessos
 19088 | Lair:5   | Reached skill level 18 in Slings
 19963 | Lair:6   | Entered Level 6 of the Lair of Beasts
 20039 | Lair:5   | Received a gift from Trog
 20140 | Lair:6   | Reached skill level 19 in Slings
 20387 | Lair:5   | Reached XP level 15. HP: 42/95 MP: 15/15
 20882 | Lair:6   | Reached skill level 20 in Slings
 21112 | Lair:6   | Found a staircase to the Slime Pits.
 22809 | D:12     | Reached skill level 21 in Slings
 22973 | Orc:1    | Entered Level 1 of the Orcish Mines
 23134 | Orc:2    | Entered Level 2 of the Orcish Mines
 23336 | Orc:1    | Found Okhly's Armour Emporium.
 23373 | Orc:1    | Bought the +4 moon troll leather armour {Spirit, Regen++
                  | MP+5} for 817 gold pieces
 23373 | Orc:1    | Found the +4 moon troll leather armour {Spirit, Regen++
                  | MP+5}
 23388 | Orc:1    | Bought a +2 buckler of poison resistance for 277 gold
                  | pieces
 23458 | Orc:2    | Identified the +0 kite shield "Qarivoc" {rF+ Int+4}
 23458 | Orc:2    | Noticed Donald
 23496 | Orc:1    | Killed Donald
 23581 | Orc:2    | Received a gift from Trog
 23594 | Orc:2    | Got a faintly glowing rapier {god gift}
 23603 | Orc:2    | Identified the +3 rapier of Trog's Righteous Anger {flame,
                  | rF+} (Trog gifted it to you on level 2 of the Orcish Mines)
 24106 | Orc:2    | Reached skill level 10 in Armour
 24368 | Orc:2    | Paralysed by an orc sorcerer for 7 turns
 24383 | Orc:2    | Reached XP level 16. HP: 96/105 MP: 16/16
 24432 | Orc:2    | Found Gunoscheiq's Antique Weapon Emporium.
 24432 | Orc:2    | Found Bugab's Gadget Emporium.
 24541 | Orc:2    | Found Weoky's Book Shoppe.
 24553 | Orc:2    | Found Zean's Armour Shoppe.
 24600 | Orc:2    | Bought the +3 pair of gauntlets of War {Slay+5} for 712
                  | gold pieces
 24600 | Orc:2    | Found the +3 pair of gauntlets of War {Slay+5}
 24665 | Orc:2    | Upgraded the game from 0.26.0-3-g156281e41b to
                  | 0.26.0-7-g794d0892b4
 24819 | Orc:2    | Found a staircase to the Elven Halls.
 25025 | D:13     | Reached skill level 10 in Dodging
 25272 | D:13     | Reached skill level 10 in Shields
 25695 | D:13     | Found Moce's Armour Emporium.
 25803 | D:14     | Noticed Jorgrun
 25822 | D:14     | Killed Jorgrun
 25856 | D:14     | Received a gift from Trog
 26390 | D:14     | Noticed Azrael
 26411 | D:14     | Reached skill level 22 in Slings
 26434 | D:14     | Killed Azrael
 26665 | D:14     | Reached skill level 5 in Evocations
 26688 | D:14     | Paralysed by a wizard for 6 turns
 26778 | D:14     | Found a gate to the Vaults.
 26927 | D:15     | Entered Level 15 of the Dungeon
 27380 | D:15     | Reached XP level 17. HP: 109/109 MP: 17/17
 27695 | D:15     | Found a staircase to the Depths.
 27707 | D:15     | Reached skill level 23 in Slings
 28172 | D:15     | Received a gift from Trog
 28661 | Spider:1 | Entered Level 1 of the Spider Nest
 29339 | Spider:1 | Received a gift from Trog
 29676 | Spider:1 | Noticed Nuqinleag's ghost (adept GrEE)
 29806 | Spider:1 | Found a transporter.
 29891 | Spider:1 | Found a transporter.
 30072 | Spider:2 | Found a frozen archway.
 30082 | IceCv    | Entered an ice cave
 30629 | IceCv    | Received a gift from Trog
 31002 | IceCv    | Noticed an Ice Fiend
 31050 | IceCv    | HP: 1/112 [something (16)]
 31084 | IceCv    | Killed an Ice Fiend
 31280 | IceCv    | Got a brightly glowing fustibalus
 31281 | IceCv    | Identified the +1 fustibalus of the King {speed, Dex+4}
                  | (You found it in an ice cave)
 31893 | Spider:3 | Reached XP level 18. HP: 118/118 MP: 18/18
 32929 | Spider:3 | Received a gift from Trog
 33027 | Spider:3 | Got an ivory falchion
 33028 | Spider:3 | Identified the +7 falchion "Hell-Harrower" {vorpal, rElec
                  | rF- rC+++ rN+} (You found it on level 3 of the Spider Nest)
 33128 | Spider:4 | Entered Level 4 of the Spider Nest
 33324 | Spider:4 | Reached skill level 24 in Slings
 33873 | Spider:4 | Received a gift from Trog
 34289 | Spider:4 | Noticed Arachne
 34514 | Spider:4 | Reached skill level 25 in Slings
 34648 | Spider:4 | Killed Arachne
 34813 | Spider:4 | Reached XP level 19. HP: 124/124 MP: 6/19
 35170 | Spider:4 | Noticed Louise
 35289 | Spider:4 | Killed Louise
 35436 | Spider:4 | Got a gossamer rune of Zot
 36072 | Shoals:1 | Entered Level 1 of the Shoals
 36097 | Shoals:1 | Received a gift from Trog
 36209 | Shoals:1 | Got a distressingly furry ring mail
 36220 | Shoals:1 | Identified the +7 ring mail of Duck's Teeth {Str+2} (You
                  | found it on level 1 of the Shoals)
 37206 | Shoals:2 | Received a gift from Trog
 38451 | Shoals:3 | Found a transporter.
 38451 | Shoals:3 | Found a transporter.
 38606 | Shoals:3 | Received a gift from Trog
 38681 | Shoals:3 | Noticed Bai Suzhen
 38770 | Shoals:3 | Killed Bai Suzhen
 38882 | Shoals:3 | Identified the +5 trident of True Grit {antimagic, *Corrode
                  | rPois Int-2 Dex+8}
 38891 | Shoals:3 | Noticed Wecaes's ghost (journeyman HOFE)
 38900 | Shoals:3 | Identified the +2 trident of the Enchanted Forest {vorpal,
                  | rF+ Str+3 SInv}
 38977 | Shoals:3 | Reached XP level 20. HP: 129/129 MP: 20/20
 39026 | Shoals:4 | Entered Level 4 of the Shoals
 39137 | Shoals:4 | Reached skill level 26 in Slings
 39187 | Shoals:4 | Identified the +8 spear of Gosk {freeze, rPois MP+9}
 39657 | Shoals:4 | Got a barnacled rune of Zot
 39682 | Shoals:4 | Identified the +11 flail of the Lurker {freeze, rElec rC+++
                  | Int-5 Dex-3}
 39685 | Shoals:4 | Found Meipsakaty's General Store.
 39753 | Shoals:4 | Found the +7 mace of Variability {chain chaos}
 39793 | Shoals:4 | Got a pair of heavily runed gloves
 39804 | Shoals:4 | Identified the +2 pair of gloves of the Pit {rPois rCorr
                  | Int-5 Slay+2} (You found it on level 4 of the Shoals)
 40006 | Shoals:4 | Reached skill level 10 in Fighting
 40284 | Shoals:4 | Received a gift from Trog
 40296 | Shoals:4 | Found a runed translucent gate.
 40296 | Shoals:4 | Found a runed translucent gate.
 40296 | Shoals:4 | Found a runed translucent gate.
 40309 | Shoals:4 | Noticed krigyl's ghost (adept TeAK)
 40339 | Shoals:4 | Upgraded the game from 0.26.0-7-g794d0892b4 to
                  | 0.26.0-8-g74fc34ddfb
 40583 | Elf:1    | Entered Level 1 of the Elven Halls
 41453 | Elf:2    | Found Fiucymn's Armour Shoppe.
 41793 | Elf:2    | Found a runed translucent gate.
 41793 | Elf:2    | Found a runed translucent gate.
 41794 | Elf:2    | Found a runed translucent gate.
 42281 | Elf:2    | Received a gift from Trog
 42311 | Elf:2    | Reached XP level 21. HP: 68/138 MP: 6/21
 42471 | Elf:3    | Entered Level 3 of the Elven Halls
 42860 | Elf:3    | Found a shimmering blue altar of Sif Muna.
 43873 | Elf:3    | Reached skill level 27 in Slings
 44053 | Elf:3    | Received a gift from Trog
 44156 | Elf:3    | Noticed a Tzitzimitl
 44332 | Elf:3    | Identified the ring of Knowledge {*Drain rN+ rCorr Dex+4}
 44373 | Elf:3    | Noticed a Tzitzimitl
 44583 | Elf:3    | Identified the Grimoire of Poisonous Ice
 44728 | Elf:3    | Found the amulet of the Air {Inacc +Fly rElec EV+5 RMsl}
 44748 | Elf:3    | Identified the Incunabulum of Attacks and the Blaze
 45046 | Vaults:1 | Entered Level 1 of the Vaults
 45539 | Vaults:1 | Reached skill level 15 in Armour
 45571 | Vaults:1 | Received a gift from Trog
 46134 | Vaults:1 | Reached XP level 22. HP: 144/144 MP: 22/22
 46421 | Vaults:1 | Found Efuwueh's Gadget Boutique.
 47020 | Vaults:2 | Received a gift from Trog
 47095 | Vaults:2 | Paralysed by an ogre mage for 4 turns
 47920 | Vaults:2 | Found a staircase to the Crypt.
 47920 | Vaults:2 | Found a basalt altar of Yredelemnul.
 47921 | Vaults:2 | Found an ancient bone altar of Kikubaaqudgha.
 48404 | Vaults:2 | Received a gift from Trog
 49123 | Vaults:3 | Noticed Boris
 49124 | Vaults:3 | Noticed Jory
 49147 | Vaults:3 | Killed Jory
 49205 | Vaults:3 | Killed Boris
 49303 | Vaults:3 | Reached XP level 23. HP: 159/160 MP: 12/23
 49822 | Vaults:3 | Found Nyufoleu's Jewellery Emporium.
 49968 | Vaults:3 | Got a translucent long sword
 49969 | Vaults:3 | Identified the +3 long sword of Arotu {elec, +Blink} (You
                  | found it on level 3 of the Vaults)
 50060 | Vaults:3 | Received a gift from Trog
 50117 | Vaults:3 | Reached skill level 15 in Fighting
 50125 | Vaults:3 | Got a masterwork dagger {god gift}
 50126 | Vaults:3 | Identified the +9 dagger of Trog's Reproof {vorpal, rElec
                  | Int+8} (Trog gifted it to you on level 3 of the Vaults)
 51554 | Vaults:4 | Received a gift from Trog
 51828 | Vaults:4 | Identified a scroll of acquirement
 51846 | Vaults:4 | Acquired 507 gold pieces
 51953 | Vaults:4 | Found Vurial's Assorted Antiques.
 51962 | Vaults:4 | Bought a potion of resistance for 260 gold pieces
 51962 | Vaults:4 | Bought a scroll of teleportation for 78 gold pieces
 51962 | Vaults:4 | Bought a scroll of teleportation for 78 gold pieces
 52973 | Depths:1 | Entered Level 1 of the Depths
 53055 | D:13     | Bought the +5 scale mail of the Well-Known People {rElec
                  | rC+ Will+} for 778 gold pieces
 53307 | Depths:1 | Reached skill level 15 in Stealth
 53348 | Depths:1 | Found a gateway to Hell.
 53679 | Depths:1 | Received a gift from Trog
 53874 | Depths:1 | Reached XP level 24. HP: 172/172 MP: 23/23
 54507 | Depths:1 | Received a gift from Trog
 54568 | Depths:1 | Mangled by a deep troll

Illustrated notes

Levels and vault maps discovered:
D:1:      lemuel_arrival_rhombus, layout_loops_corners, minmay_octomino_e4
D:2:      layout_rooms, chequers_ecumenical_altar_simple,
          minmay_misc_feat_ornament
D:3:      layout_basic, tso_metal_star, fedhas_altar_fruit_tree
D:4:      layout_loops_corners, minmay_temple_entry_glassed_door
D:5:      layout_loops_ring, grunt_temple_overflow_magic_moments
D:6:      layout_rooms, serial_shops, shop, nrook_pool_corridor, nrook_campfire
D:7:      layout_loops_ring, gammafunk_temple_overflow_pools,
          general_overflow_altar, serial_shops, kennysheep_mini_moat,
          nicolae_dithmenos_shadow_blocks
D:8:      layout_basic, zin_academy, uniq_erica
D:9:      layout_stronghold, ashenzari_conservatory_becter, old_standard_altar,
          minmay_evil_grid, uniq_maggie
D:10:     layout_roguey, erik_lair_island, uniq_joseph, uniq_maurice
D:11:     layout_loops_corners, david_orc_3, serial_glass, glass_columns_c,
          glass_columns_c, gauntlet_entry_generic
D:12:     layout_roguey
D:13:     layout_irregular_city, serial_shops, shop
D:14:     layout_rooms, grunt_vaults_entry_tiered, hangedman_pestilent_swarm,
          kb_tengu_band, uniq_azrael, uniq_jorgrun
D:15:     grunt_enter_depths_magical_seal, layout_rooms, roderic_st_hans_cross,
          special_room [special_room_orc], serial_corexii_hall,
          corexii_hall_statues_t, corexii_hall_statues_u,
          chequers_hall_statues_y, chequers_hall_statues_wall_a,
          hangedman_cracks_in_the_wall
Lair:1:   layout_regular_city
Lair:2:   layout_gridlike, columned_hall_lemuel, infiniplex_staircase_pool,
          grunt_megastairs_3
Lair:3:   wander_river, layout_cave_pods, special_room [special_room_bee],
          lemuel_fruit_fields, serial_bayou_shore_b, uniq_gastronok,
          uniq_nergalle
Lair:4:   minmay_guarded_unrand_snakebite, layout_loops_ring,
          elwin_shoals_entry_rooms, spider_nest_entry_web_field,
          guppyfry_lair_drakes, grunt_megastairs_5, uniq_snorg
Lair:5:   layout_cellular_growth, serial_bayou_shore_b, uniq_nessos
Lair:6:   evilmike_catoblepas_cave, layout_long_grid, slime_dummy,
          grunt_megastairs_1
Shoals:1: layout_shoals
Shoals:2: layout_shoals, nicolae_shoals_stone_sculpture_thing,
          hangedman_shoals_cup_caves
Shoals:3: layout_shoals, gammafunk_ghost_wrathful_warriors, uniq_bai_suzhen
Shoals:4: shoals_end_grunt_ice, layout_shoals, serial_shops,
          nicolae_shop_behind_doors, gammafunk_ghost_necromancy
Spider:1: layout_spider_delve, gammafunk_ghost_arena, minivault_29
Spider:2: layout_spider_delve, portal_ice_cave_entry_pillars_three,
          nicolae_spider_stair_cavern
Spider:3: nicolae_spider_mines_3, nicolae_spider_circle_web
Spider:4: johnstein_spider_rune_arachne_lair, drop_trap,
          spiders_nest_the_unseen, uniq_louise
Orc:1:    layout_caves, serial_shops, shop
Orc:2:    st_orc_mages, layout_diamond_mine, uniq_donald
Elf:1:    minmay_elf_arrival_circle, layout_rooms, hangedman_corner_corridor
Elf:2:    layout_gridlike, serial_shops, nicolae_shop_statue_plus
Elf:3:    elf_hall_gauntlet_wide, layout_onion_city, basic_altar
Vaults:1: vaults_mumra_minichess_inversion, grunt_vaults_focal,
          vaults_room_large_hall, v_rooms_5, v_alt_pattern_2, st_spiral_rooms,
          v_rooms_4, grunt_vaults_swirl, nicolae_vaults_asterisk,
          vaults_room_mumra_shop_pool, layout_vaults_maze_snakey
Vaults:2: v_rooms_1, ontoclasm_vaults_bender, vaults_room_boxed, v_misc_1,
          minmay_crypt_entry_necro_gods, vaults_room_grid, vaults_room_pool,
          nicolae_vaults_mini_display_case, layout_vaults_quadrants
Vaults:3: nicolae_vaults_diagonal_hallway_7, v_misc_12,
          hangedman_vaults_stitches, vaults_room_hallway, v_alt_pattern_4,
          ontoclasm_vaults_claustrophobia, ontoclasm_vaults_fault,
          ontoclasm_vaults_chip, nicolae_vaults_theta, dpeg_vaults_monster_box,
          layout_vaults_chaotic_city, serial_shops, shop, uniq_jory, uniq_boris
Vaults:4: vaults_mumra_chevron, nicolae_vaults_network_barrier, v_misc_22,
          v_rooms_3, grunt_vaults_trifunnel, vaults_room_door_ring,
          vaults_room_fours, vaults_room_ringed_pool, v_misc_17, v_misc_18,
          ontoclasm_vaults_gateway, ontoclasm_vaults_gallery,
          nicolae_vaults_rhombus_7, v_misc_5, nicolae_vaults_asterisk,
          layout_vaults_omnibox, serial_shops, nicolae_shop_crystal
Depths:1: minmay_octagon_city, layout_basic, serial_bayou_pond_c,
          grunt_hell_horde, marbit_kobold_abyss_entry,
          wad_floor_pattern_untrapped, solitary_fountain, minmay_door_square,
          chequers_serial_rivers_micro_d, minmay_misc_feat_four_crosses

Skill      XL: |  1  2  3  4  5  6  7  8  9 10 11 12 13 14 15 16 17 18 19 20 21 22 23 24 |
---------------+-------------------------------------------------------------------------+-----
Slings         | 6 7 8 9 10 11 12 15 16 17 19 21 22 23 25 26 27 | 27.0
Stealth        | 3 4 5 6 8 10 11 12 13 14 15 | 15.7
Short Blades   | 2 3 8 11 13 14 | 14.4
Armour         | 2 3 4 6 7 9 10 11 13 16 17 | 17.7
Evocations     | 2 4 7 8 |  8.0
Dodging        | 3 4 5 6 7 8 9 10 11 12 13 | 13.5
Fighting       | 2 5 6 8 9 10 14 16 17 | 17.0
Shields        | 3 4 6 7 8 9 10 11 12 13 | 13.2

Action                   |  1- 3 |  4- 6 |  7- 9 | 10-12 | 13-15 | 16-18 | 19-21 | 22-24 || total
-------------------------+-------+-------+-------+-------+-------+-------+-------+-------++-------
Melee: Dagger            |       |    25 |   131 |   345 |       |       |       |       ||   501
       Hunting sling     |       |       |     1 |       |       |       |       |       ||     1
       Short sword       |       |       |       |   120 |       |       |       |       ||   120
       Quick blade       |       |       |       |    26 |  1037 |  2060 |  1893 |  1983 ||  6999
       Fustibalus        |       |       |       |       |       |       |     1 |       ||     1
 Fire: Hunting sling     |    55 |    80 |   173 |   196 |   398 |   143 |       |       ||  1045
       Fustibalus        |       |       |       |   102 |       |    51 |   526 |   293 ||   972
Throw: Stone             |       |       |       |       |     8 |       |     2 |    12 ||    22
Invok: Berserk           |       |       |     4 |    15 |    13 |    14 |    10 |     5 ||    61
       Brothers in Arms  |       |       |       |     1 |     1 |     5 |     6 |     2 ||    15
       Trog's Hand       |       |       |       |     1 |       |     6 |     5 |     5 ||    17
Evoke: Wand              |       |       |     3 |       |       |       |       |       ||     3
  Use: Scroll            |     7 |     1 |     5 |     9 |     4 |    14 |     4 |     3 ||    47
       Potion            |       |       |       |     3 |       |     6 |     1 |     2 ||    12
 Stab: Sleeping          |       |       |     6 |    16 |    13 |    43 |    30 |    55 ||   163
       Paralysed         |       |       |     2 |       |       |       |       |       ||     2
       Petrifying        |       |       |       |       |     1 |       |       |       ||     1
       Petrified         |       |       |       |       |     1 |       |       |       ||     1
       Distracted        |       |       |       |       |       |     4 |     5 |     5 ||    14
       Held in net/web   |       |       |       |       |       |     1 |       |       ||     1
Armor: Leather armour    |     3 |     9 |    25 |    10 |       |       |       |       ||    47
       Steam dragon scal |       |       |       |    57 |    91 |       |       |       ||   148
       Skin              |       |       |       |       |     1 |       |       |       ||     1
       Troll leather arm |       |       |       |       |    20 |   236 |   162 |   103 ||   521
       Scale mail        |       |       |       |       |       |       |       |    43 ||    43
Dodge: Dodged            |    12 |    13 |    60 |   250 |   357 |   734 |   664 |   516 ||  2606
Block: Buckler           |       |       |    20 |   122 |   173 |   497 |   475 |   335 ||  1622
